 Dungeon Crawl Stone Soup version 0.19-a0-517-gd6a9987 (webtiles) character file.

317 Aksej the Slasher (level 6, -12/47 HPs)
             Began as a Demonspawn Fighter on June 6, 2016.
             Mangled by an ogre
             ... wielding a +0 giant club
              (25 damage)
             ... on level 4 of the Dungeon.
             The game lasted 00:06:45 (2586 turns).

Aksej the Slasher (Demonspawn Fighter)              Turns: 2586, Time: 00:06:45

Health: -12/47     AC:  7    Str: 18    XL:     6   Next: 20%
Magic:  6/6        EV:  9    Int: 13    God:
Gold:   103        SH:  0    Dex: 13    Spells: 0 memorised, 5 levels left

rFire  . . .     SeeInvis .     a - +1 long sword
rCold  . . .     Gourm    .     i - +0 scale mail (curse)
rNeg   . . .     Faith    .     (no shield)
rPois  .         Spirit   .     (no helmet)
rElec  .         Dismiss  .     (no cloak)
rCorr  .         Reflect  .     (no gloves)
SustAt .         Harm     .     (no boots)
MR     .....                    (no amulet)
Stlth  ..........               (no ring)
                                c - +4 ring of intelligence

@: not resistant to hostile enchantments, extremely unstealthy
A: molten scales 1, powered by death 1, powered by pain 1
a: no special abilities


You were on level 4 of the Dungeon.
You were not hungry.

You visited 1 branch of the dungeon, and saw 4 of its levels.

You collected 103 gold pieces.

Inventory:

Hand Weapons
 a - a +1 long sword (weapon)
Missiles
 q - 7 tomahawks (quivered)
Armour
 b - a +1 scale mail
 i - a cursed +0 scale mail (worn)
 s - a +1 plate armour
Jewellery
 c - a +4 ring of intelligence (left hand)
 e - an uncursed amulet of harm {unknown}
Potions
 d - a potion of might
 h - a potion of flight
 j - a potion of invisibility
 k - a potion of brilliance
 o - a potion of agility
 r - a potion of berserk rage {unknown}
Comestibles
 f - a bread ration
 g - a beef jerky
 l - a fruit
 m - 2 chunks of flesh
 p - 2 meat rations


   Skills:
 - Level 3.0 Fighting
 + Level 6.0 Long Blades
 - Level 2.6 Armour
   Level 2.6 Shields


You had 5 spell levels left.
You didn't know any spells.

Dungeon Overview and Level Annotations

Branches:
Dungeon (4/15)
 Temple: D:4-7

Altars:
Hepliaklqana
Kikubaaqudgha
Sif Muna
Trog
Vehumet


Innate Abilities, Weirdness & Mutations

You are partially covered in molten scales. (AC +1)
You regenerate a little health from kills.
You sometimes gain a little power by taking damage.


Message History

Found a stone staircase leading down.
An ogre comes into view. It is wielding a giant club.
Found 11 stones.
Found 7 poisoned needles.
The ogre hits you with a giant club!
You hit the ogre.
The ogre is moderately wounded.
You slash the ogre!
The ogre is heavily wounded.
The ogre hits you with a giant club!!
Ouch! That really hurt!
* * * LOW HITPOINT WARNING * * *
You are too injured to fight recklessly!
You are too injured to fight recklessly!
You are too injured to fight recklessly!
You hit the ogre.
The ogre is severely wounded.
The ogre hits you with a giant club!!
Ouch! That really hurt!
You die...

#..# ##.## #####
#..# ##....#
##.####......#
#..##.......#
##.##(......#
##.........#
#..........##
#...#.@.......
#..#....O......
#...............
#.(........>....#
..............###
............###
........###
.#.######


You could see an ogre.

Vanquished Creatures
  An orc warrior (D:3)
  Jessica (D:2)
  Natasha (twice) (D:3)
  7 adders
  2 worms (D:2)
  3 giant geckos
  15 orcs (D:3)
  4 bats
  A giant cockroach (D:1)
  2 goblins
  7 hobgoblins
  5 jackals (D:3)
  A quokka (D:3)
  A giant newt (D:1)
  9 kobolds
  3 rats
64 creatures vanquished.

Notes
Turn   | Place    | Note
--------------------------------------------------------------
     0 | D:1      | Aksej the Demonspawn Fighter began the quest for the Orb.
     0 | D:1      | Reached XP level 1. HP: 18/18 MP: 1/1
    85 | D:1      | Reached skill level 2 in Long Blades
   274 | D:1      | Gained mutation: You are partially covered in molten scales. (AC +1) [demonic ancestry]
   274 | D:1      | Reached XP level 2. HP: 22/24 MP: 2/2
   526 | D:2      | Reached skill level 3 in Long Blades
   740 | D:2      | Gained mutation: You sometimes gain a little power by taking damage. [demonic ancestry]
   740 | D:2      | Reached XP level 3. HP: 19/29 MP: 3/3
   771 | D:2      | Found a radiant altar of Vehumet.
   795 | D:2      | Found an ancient bone altar of Kikubaaqudgha.
   795 | D:2      | Found a deep blue altar of Sif Muna.
   802 | D:2      | Identified Sif Muna's Volume of Shape Shifting
   977 | D:2      | Noticed Jessica
   984 | D:2      | Killed Jessica
   984 | D:2      | Reached skill level 4 in Long Blades
   984 | D:2      | Gained mutation: You regenerate a little health from kills. [demonic ancestry]
   984 | D:2      | Reached XP level 4. HP: 25/35 MP: 4/4
  1520 | D:3      | Found a hazy altar of Hepliaklqana.
  1893 | D:3      | Found a bloodstained altar of Trog.
  1987 | D:3      | Reached XP level 5. HP: 37/41 MP: 5/5
  2032 | D:3      | Noticed Natasha
  2037 | D:3      | Killed Natasha
  2037 | D:3      | Reached skill level 5 in Long Blades
  2275 | D:3      | Noticed Natasha
  2290 | D:3      | Killed Natasha
  2312 | D:3      | Noticed an orc warrior
  2329 | D:3      | Killed an orc warrior
  2329 | D:3      | Reached XP level 6. HP: 38/47 MP: 6/6
  2330 | D:3      | Reached skill level 6 in Long Blades
  2586 | D:4      | Mangled by an ogre

Vault maps used:
D:1:      dpeg_arrival_rhombus
D:2:      grunt_temple_overflow_magic_moments, uniq_jessica
D:3:      lemuel_round_altar, lemuel_coloured_pillars_altar, uniq_natasha
D:4:      first_bread, serial_shops, shop, nicolae_shop_window_shopping

Skill      XL: |  1  2  3  4  5  6 |
---------------+-------------------+-----
Long Blades    | 2 3 4 5 6 |  6.0
Fighting       | |  3.0
Armour         | |  2.6
Shields        | |  2.6

Action                   |  1- 3 |  4- 6 || total
-------------------------+-------+-------++-------
Melee: Long sword        |    67 |   146 ||   213
Throw: Tomahawk          |       |     1 ||     1
  Use: Potion            |     4 |     4 ||     8
       Scroll            |     4 |     6 ||    10
  Eat: Chunk             |       |     4 ||     4
       Fruit             |       |     2 ||     2
Armor: Scale mail        |    37 |    73 ||   110
Dodge: Dodged            |    22 |    84 ||   106
Block: Shield            |    15 |       ||    15
